 Dungeon Crawl Stone Soup version 0.22-a0-412-g2b68d144a4 (webtiles) character file.

88 Laam the Vexing (level 4, -6/31 HPs)
             Began as a Spriggan Enchanter on May 12, 2018.
             Mangled by Perturabo's ghost (7 damage)
             ... on level 3 of the Dungeon.
             The game lasted 00:06:10 (2896 turns).

Laam the Vexing (Spriggan Enchanter)                Turns: 2896, Time: 00:06:10

Health: -6/31      AC:  3    Str:  9    XL:     4   Next: 29%
Magic:  3/11       EV: 18    Int: 17    God:
Gold:   78         SH:  0    Dex: 18    Spells: 2/11 levels left

rFire    + . .     SeeInvis +   a - +1 dagger
rCold    . . .     Gourm    .   (shield restricted)
rNeg     . . .     Faith    .   b - +1 robe
rPois    +         Spirit   .   (helmet restricted)
rElec    .         Reflect  .   (no cloak)
rCorr    .         Harm     .   (gloves unavailable)
MR       .....                  (boots unavailable)
Stlth    ..........             (no amulet)
HPRegen  0.10/turn              (no ring)
MPRegen  0.12/turn              (no ring)

@: mighty, berserking, very slightly contaminated, very quick
A: very small, unfitting armour, see invisible, agile 1, fire resistance 1,
herbivore, speed 3, poison resistance, screaming 1, slow metabolism 2
a: no special abilities


You were on level 3 of the Dungeon.
You were not hungry.

You visited 1 branch of the dungeon, and saw 3 of its levels.

You collected 78 gold pieces.

Inventory:

Hand Weapons
 a - a +1 dagger (weapon)
Armour
 b - a +1 robe (worn)
Scrolls
 e - 2 scrolls of remove curse
 j - a scroll of teleportation
 l - a scroll of amnesia
Potions
 c - a potion of invisibility
 g - a potion of heal wounds
 h - a potion of flight
Comestibles
 d - 2 rations


   Skills:
 - Level 1.1 Short Blades
 - Level 3.0 Dodging
 - Level 4.4 Stealth
 + Level 4.4 Spellcasting
 + Level 5.1 Hexes


You had 2 spell levels left.
You knew the following spells:

 Your Spells              Type           Power        Failure   Level  Hunger
a - Ensorcelled Hibernat  Hex/Ice        ##....       8%          2    ##.....
b - Corona                Hex            ###....      1%          1    None
c - Confuse               Hex            ###.....     5%          3    ###....
d - Tukima's Dance        Hex            ###.....     5%          3    ###....

Your spell library contained the following spells:

 Spells                   Type           Power        Failure   Level  Hunger
 Dazzling Spray           Conj/Hex       ##....       16%         3    ###....


Dungeon Overview and Level Annotations

Branches:
Dungeon (3/15)

Altars:
Okawaru
Wu Jian

Annotations:
D:3 Perturabo's ghost, novice FoFi


Innate Abilities, Weirdness & Mutations

You are very small and have problems with some larger weapons.
You are too small for most types of armour.
You have supernaturally acute eyesight. (SInv)
You are a herbivore.
You cover ground extremely quickly.
You need to consume almost no food.
You are agile. (Dex +2)
Your flesh is heat resistant. (rF+)
Your system is resistant to poisons. (rPois)
You occasionally shout uncontrollably at your foes.


Message History

Unknown command.
Unknown command.
You feel very mighty all of a sudden.
A red film seems to cover your vision as you go berserk!
You feel yourself moving faster!
You feel mighty!
You completely miss Perturabo's ghost.
Perturabo's ghost is severely damaged.
You puncture Perturabo's ghost!
Perturabo's ghost is almost destroyed.
Perturabo's ghost hits you.
You closely miss Perturabo's ghost.
Perturabo's ghost is almost destroyed.
You hit Perturabo's ghost but do no damage.
Perturabo's ghost is almost destroyed.
Perturabo's ghost hits you!
* * * LOW HITPOINT WARNING * * *
You completely miss Perturabo's ghost.
Perturabo's ghost is almost destroyed.
Perturabo's ghost hits you!
You die...

#.# #(#
#<# #.#
#.# #r#
#r# #W#
#@#
#.......#
#..######
#..# ####


You could see Perturabo's ghost and 2 rats.

Vanquished Creatures
  Jessica (D:2)
  2 adders (D:2)
  3 worms (D:2)
  2 dart slugs
  A ball python (D:2)
  5 bats
  4 hobgoblins
  4 jackals (D:2)
  3 frilled lizards (D:2)
  4 kobolds
  5 rats
34 creatures vanquished.

Notes
Turn   | Place    | Note
-------+----------+-------------------------------------------
     0 | D:1      | Laam the Spriggan Enchanter began the quest for the Orb.
     0 | D:1      | Reached XP level 1. HP: 9/9 MP: 5/5
   711 | D:1      | Reached skill level 4 in Hexes
   711 | D:1      | Reached XP level 2. HP: 3/13 MP: 5/7
   715 | D:1      | Learned a level 2 spell: Ensorcelled Hibernation
  1116 | D:2      | Found an iron altar of Okawaru.
  1507 | D:2      | Noticed Jessica
  1602 | D:2      | Killed Jessica
  1602 | D:2      | Reached XP level 3. HP: 16/16 MP: 6/9
  1607 | D:2      | Learned a level 3 spell: Confuse
  1616 | D:2      | Learned a level 3 spell: Tukima's Dance
  1864 | D:2      | Reached XP level 4. HP: 17/21 MP: 6/11
  2026 | D:2      | Found an ornate altar of the Wu Jian Council.
  2117 | D:2      | Reached skill level 5 in Hexes
  2749 | D:2      | Gained mutation: You occasionally shout uncontrollably at your foes. [potion of mutation]
  2749 | D:2      | Gained mutation: You are agile. (Dex +2) [potion of mutation]
  2749 | D:2      | Gained mutation: Your flesh is heat resistant. (rF+) [potion of mutation]
  2749 | D:2      | Gained mutation: Your system is resistant to poisons. (rPois) [potion of mutation]
  2851 | D:3      | Noticed Perturabo's ghost (novice FoFi)
  2895 | D:3      | HP: 1/31 [Perturabo's ghost (15)]
  2896 | D:3      | Mangled by Perturabo's ghost

Vault maps used:
D:1:      saegor_arrival_miasma
D:2:      lemuel_doored_altar, first_ration, okawaru_trees_2, uniq_jessica
D:3:      cheibrodos_helix_gallery, nicolae_overflow_crystal_walls,
          uniq_grinder, uniq_robin

Skill      XL: |  1  2  3  4 |
---------------+-------------+-----
Spellcasting   | 3 4 |  4.4
Hexes          | 4 5 |  5.1
Short Blades   | |  1.1
Dodging        | |  3.0
Stealth        | |  4.4

Action                   |  1- 3 |  4- 6 || total
-------------------------+-------+-------++-------
Melee: Dagger            |    52 |    92 ||   144
 Cast: Corona            |     1 |     2 ||     3
       Ensorcelled Hiber |    15 |    10 ||    25
       Confuse           |       |     3 ||     3
  Use: Scroll            |     7 |     3 ||    10
       Potion            |       |     3 ||     3
 Stab: Sleeping          |    13 |     8 ||    21
       Confused          |       |     3 ||     3
  Eat: Ration            |       |     1 ||     1
Armor: Robe              |     1 |    14 ||    15
Dodge: Dodged            |    34 |    89 ||   123

Table legend:
 A = Spawn XP
 B = Non-spawn XP
 C = Spawn XP percentage of total XP
 D = Spawn monster count
 E = Non-spawn monster count
 F = Spawn count percentage of total count
 G = Total turns spent on level
                    A         B        C        D         E        F      G
               +---------+---------+-------+---------+---------+-------+---------
         Total |       0 |     126 |   0.0 |       0 |      34 |   0.0 |  2896
               +---------+---------+-------+---------+---------+-------+---------
           D:1 |       0 |      12 |   0.0 |       0 |       7 |   0.0 |  1085
           D:2 |       0 |     114 |   0.0 |       0 |      27 |   0.0 |  1761
               +---------+---------+-------+---------+---------+-------+---------
